AoeStats
← amstewar1

Fortress

509189929Analyzed
4v4 RM · 7d ago on Sep 25, 2026· 51m 41s· 8 players
Game mode
Random Map
Map size
Huge
Population
200
Speed
Normal
Resources
Standard
Victory
Conquest
Starting age
Dark Age
Ending age
Imperial Age
RankedLock teamsTeams togetherTeam positionsShared explorationLock speedFull tech treeHidden civsTurbo modeCheats
Victory
Defeat
🇬🇧 Danes · United Kingdom
886
+14
🇹🇷 Mongols · Türkiye
878
+14
🇱🇻 Huns · Latvia
837
+16
🇮🇹 Koreans · Italy
777
+20
🇸🇦 Chinese · Saudi Arabia
887
-18
🇺🇸 Mongols · United States
864
-17
🇦🇷 Ethiopians · Argentina
816
-15
🇺🇸 Japanese · United States
794
-14
ThoricFaun3883
0:46 Loom
9:03 Feudal Age
9:55 Double-Bit Axe
9:55 Horse Collar
10:13 Gold Mining
10:10 Man-at-Arms
12:14 Wheelbarrow
16:08 Forging
16:10 Fletching
16:28 Scale Barding Armor
16:56 Stone Mining
20:34 Castle Age
18:40 Scale Mail Armor
20:55 Padded Archer Armor
21:00 Arson
21:50 Bow Saw
22:03 Heavy Plow
22:19 Crossbowman
24:19 Bodkin Arrow
24:41 Leather Archer Armor
26:51 Gold Shaft Mining
28:46 Iron Casting
31:42 Hand Cart
32:35 Marauders
32:43 Thumb Ring
32:50 Squires
33:58 Chain Barding Armor
34:19 Bloodlines
34:10 Husbandry
34:24 Caravan
34:22 Town Watch
34:50 Murder Holes
35:37 Ballistics
39:38 Imperial Age
36:40 Pikeman
39:34 Chain Mail Armor
39:47 Elite Skirmisher
41:02 Atheism
40:13 Sappers
41:04 Conscription
41:17 Heavy Cavalry Archer
42:22 Parthian Tactics
42:03 Bracer
43:53 Town Patrol
44:26 Atheism
44:26 Conscription
44:34 Elite Tarkan
46:49 Chemistry
46:00 Masonry
46:36 Capped Ram
50:43 Two-Man Saw
51:51 Blast Furnace
51:27 Plate Barding Armor
50:30 Sappers
50:29 Siege Ram
Mike Rotch
6:52 Loom
8:45 Feudal Age
10:53 Double-Bit Axe
10:54 Horse Collar
13:53 Castle Age
13:28 Forging
13:26 Scale Mail Armor
13:18 Arson
19:41 Chain Mail Armor
21:14 Iron Casting
24:28 Wheelbarrow
27:06 Thumb Ring
28:41 Husbandry
28:51 Bloodlines
28:40 Fletching
28:51 Padded Archer Armor
29:32 Bow Saw
29:28 Heavy Plow
29:29 Gold Mining
30:16 Hand Cart
31:10 Bodkin Arrow
31:31 Leather Archer Armor
34:21 Caravan
35:18 Ballistics
42:30 Imperial Age
41:30 Masonry
41:18 Murder Holes
45:12 Ring Archer Armor
44:42 Bracer
45:44 Blast Furnace
45:14 Plate Mail Armor
44:16 Hamask
44:17 Elite Jomsviking
45:19 Conscription
46:51 Cranequins
46:52 Heavy Mounted Crossbowman
yellowmonday
5:41 Loom
10:15 Feudal Age
14:41 Castle Age
12:35 Double-Bit Axe
12:37 Horse Collar
13:25 Gold Mining
13:30 Stone Mining
15:19 Wheelbarrow
15:34 Bow Saw
18:18 Hand Cart
18:46 Elite Skirmisher
20:03 Ballistics
21:30 Fortified Wall
23:10 Gold Shaft Mining
31:24 Imperial Age
29:46 Stone Shaft Mining
33:58 Heavy Rocket Cart
39:26 Shinkichon
42:52 Chemistry
44:00 Siege Engineers
48:18 Fletching
50:52 Bodkin Arrow
51:12 Caravan
Great Khan
7:33 Loom
9:32 Feudal Age
7:48 Loom
11:24 Horse Collar
11:31 Double-Bit Axe
11:40 Gold Mining
11:41 Stone Mining
19:02 Castle Age
17:52 Fletching
18:02 Padded Archer Armor
18:17 Bloodlines
22:44 Bodkin Arrow
23:04 Leather Archer Armor
22:53 Husbandry
23:56 Wheelbarrow
24:56 Hand Cart
24:42 Heavy Plow
24:55 Bow Saw
25:23 Gold Shaft Mining
25:24 Stone Shaft Mining
29:39 Caravan
33:11 Thumb Ring
35:39 Imperial Age
32:55 Town Watch
37:22 Parthian Tactics
36:59 Bracer
37:21 Conscription
37:28 Ballistics
37:09 Murder Holes
37:20 Siege Engineers
38:20 Chemistry
37:31 Fortified Wall
37:32 Masonry
38:06 Hoardings
38:19 Drill
37:34 Onager
38:37 Elite Mangudai
39:20 Siege Onager
Fat Asian Dude
5:35 Feudal Age
6:32 Double-Bit Axe
6:38 Horse Collar
7:42 Wheelbarrow
12:09 Gold Mining
15:17 Castle Age
14:01 Stone Mining
16:22 Hand Cart
18:46 Heavy Plow
20:36 Gold Shaft Mining
22:00 Stone Shaft Mining
25:24 Fletching
25:34 Padded Archer Armor
26:14 Ballistics
26:55 Bodkin Arrow
28:20 Leather Archer Armor
29:09 Husbandry
29:20 Bloodlines
28:30 Light Cavalry
29:48 Thumb Ring
33:09 Imperial Age
30:54 Scale Barding Armor
31:00 Forging
32:16 Town Watch
32:54 Chain Barding Armor
33:10 Iron Casting
33:58 Elite Mangudai
34:59 Conscription
34:07 Hussar
36:28 Chemistry
35:50 Town Patrol
36:54 Blast Furnace
36:58 Bracer
37:06 Siege Engineers
37:28 Parthian Tactics
41:50 Nomads
amstewar1
6:37 Feudal Age
6:50 Loom
7:52 Double-Bit Axe
15:57 Castle Age
17:34 Bow Saw
18:40 Fletching
18:44 Town Watch
20:56 Bow Saw
20:56 Gold Mining
21:38 Crossbowman
22:58 Padded Archer Armor
23:40 Ballistics
25:35 Wheelbarrow
25:52 Gold Shaft Mining
26:13 Horse Collar
27:53 Town Patrol
30:31 Imperial Age
29:31 Heavy Plow
29:49 Bodkin Arrow
30:15 Elite Skirmisher
31:30 Hand Cart
31:29 Stone Mining
32:02 Conscription
32:09 Kataparuto
33:39 Two-Man Saw
33:09 Caravan
34:30 Bracer
33:56 Arbalester
34:20 Pikeman
37:03 Scale Mail Armor
37:14 Forging
36:29 Halberdier
37:59 Thumb Ring
38:13 Chain Mail Armor
40:57 Kataparuto
43:29 Iron Casting
98_Natsu
8:12 Feudal Age
12:08 Castle Age
10:13 Horse Collar
10:34 Double-Bit Axe
13:48 Bow Saw
13:59 Heavy Plow
26:54 Imperial Age
27:24 Wheelbarrow
27:01 Padded Archer Armor
26:51 Fletching
27:03 Scale Mail Armor
27:01 Stone Mining
27:02 Gold Mining
28:37 Chemistry
27:33 Murder Holes
27:49 Masonry
27:42 Crossbowman
28:28 Thumb Ring
28:41 Leather Archer Armor
28:22 Bodkin Arrow
28:51 Conscription
29:50 Two-Man Saw
29:43 Chain Mail Armor
29:13 Arbalester
31:05 Hand Cart
31:38 Ring Archer Armor
31:18 Bracer
32:11 Plate Mail Armor
33:29 Great Wall
33:00 Sappers
35:03 Rocketry
35:50 Stone Shaft Mining
35:55 Gold Shaft Mining
37:29 Man-at-Arms
37:59 Arson
38:35 Long Swordsman
39:19 Two-Handed Swordsman
40:44 Champion
43:37 Elite Chu Ko Nu
45:47 Elite Skirmisher
PlaneBow2693438
9:51 Feudal Age
8:09 Loom
13:53 Castle Age
13:09 Horse Collar
13:21 Double-Bit Axe
15:27 Wheelbarrow
16:53 Stone Mining
16:54 Gold Mining
28:09 Hand Cart
32:16 Royal Heirs
43:53 Coinage
Connection lost

Rejoining the realm…

Still unreachable

The connection could not be restored.

Session expired

The server has moved on; the page needs a fresh start.